 Dungeon Crawl Stone Soup version 0.24.0-1-gfbc8707122 (webtiles) character file.

Game seed: 14645801436816675485, levelgen mode: deterministic

636324 Mesmaeker13 the Conqueror (level 27, -36/224 HPs)
             Began as a Formicid Fighter on Oct 28, 2019.
             Was the Champion of Hepliaklqana.
             Annihilated by an Orb Guardian (49 damage)
             ... on level 4 of the Realm of Zot.
             The game lasted 02:57:36 (72801 turns).

Mesmaeker13 the Conqueror (Formicid Fighter)       Turns: 72801, Time: 02:57:36

Health: -36/224    AC: 48    Str: 27    XL:     27
Magic:  29/29      EV: 18    Int:  9    God:    Hepliaklqana [******]
Gold:   444        SH: 17    Dex: 19    Spells: 26/26 levels left

rFire    + + +     SeeInvis +   c - +9 bardiche (chop)
rCold    . . .     Gourm    .   P - +4 shield {reflect}
rNeg     + + .     Faith    .   m - +15 Maxwell's patent armour {-Cast -Tele rElec MR+ rCorr}
rPois    +         Spirit   .   (helmet unavailable)
rElec    +         Reflect  +   k - +2 cloak "Cinodgh" {rPois rF+ rN+ rCorr}
rCorr    +         Harm     .   B - +2 pair of gloves
MR       ++++.     NoCast   +   W - +2 pair of boots {run}
Stlth    ..........             r - amulet of regeneration
HPRegen  0.87/turn              D - ring "Hos Toh" {rPois rF+ MR+ Dex+3 Stlth+}
MPRegen  0.21/turn              t - ring "Pedysem" {rPois rF+ rN+ Slay+1}

@: studying Axes, lightly drained, quick
A: permanent stasis, dig shafts and tunnels, four strong arms, reduced essence,
antennae 3
}: 3/15 runes: serpentine, barnacled, silver
a: Dig, Shaft Self, Recall Ancestor, Ancestor Identity, Transference, Idealise,
Renounce Religion


You were on level 4 of the Realm of Zot.
You worshipped Hepliaklqana.
Hepliaklqana was exalted by your worship.
You were not hungry.

You visited 11 branches of the dungeon, and saw 53 of its levels.
You also visited: Volcano.

You collected 6345 gold pieces.
You spent 5901 gold pieces at shops.

Inventory:

Hand Weapons
 a - a +1 vampiric glaive
 c - a +9 bardiche of chopping (weapon)
 x - a +1 antimagic glaive
Missiles
 K - 6 throwing nets (quivered)
 N - 26 silver javelins
 S - 52 javelins
Armour
 k - the +2 cloak "Cinodgh" (worn) {rPois rF+ rN+ rCorr}
   (You found it on level 4 of the Snake Pit)

   It protects you from fire.
   It protects you from poison.
   It protects you from negative energy.
   It provides partial protection from all sources of acid and corrosion.
 m - the +15 Maxwell's patent armour (worn) {-Cast -Tele rElec MR+ rCorr}
   (You bought it in a shop on level 3 of the Elven Halls)

   It insulates you from electricity.
   It affects your resistance to hostile enchantments.
   It prevents spellcasting.
   It prevents most forms of teleportation.
   It provides partial protection from all sources of acid and corrosion.
 p - the cursed +0 shield of Suniext {rF+ rCorr Dex+3}
   (You bought it in a shop on level 2 of the Elven Halls)

   It affects your dexterity (+3).
   It protects you from fire.
   It provides partial protection from all sources of acid and corrosion.
   It has a curse placed upon it.
 y - the +4 dragonskin cloak
   (You took it off Tiamat on level 4 of the Realm of Zot)
 B - a +2 pair of gloves (worn)
 P - a +4 shield of reflection (worn)
 W - a +2 pair of boots of running (worn)
Jewellery
 r - an amulet of regeneration (around neck)
 t - the ring "Pedysem" (right hand) {rPois rF+ rN+ Slay+1}
   (You took it off a deep elf demonologist on level 1 of the Depths)

   [ring of slaying]

   It affects your accuracy and damage with ranged weapons and melee attacks
   (+1).
   It protects you from fire.
   It protects you from poison.
   It protects you from negative energy.
 z - a +5 ring of evasion
 D - the ring "Hos Toh" (left hand) {rPois rF+ MR+ Dex+3 Stlth+}
   (You found it on level 5 of the Vaults)

   [ring of protection from magic]

   It affects your dexterity (+3).
   It protects you from fire.
   It protects you from poison.
   It affects your resistance to hostile enchantments.
   It makes you more stealthy.
 L - the ring of Yendor {rElec rC+ rN+ Stlth+}
   (You bought it in a shop on level 2 of the Depths)

   [ring of stealth]

   It protects you from cold.
   It insulates you from electricity.
   It protects you from negative energy.
   It makes you more stealthy.
 Q - the ring "Ohurphit" {rF+ MR+}
   (You found it on level 3 of the Elven Halls)

   [ring of protection from fire]

   It protects you from fire.
   It affects your resistance to hostile enchantments.
Wands
 g - a wand of clouds (1)
 h - a wand of acid (26)
 i - a wand of scattershot (4)
 w - a wand of flame (26)
 C - a wand of iceblast (17)
 U - a wand of digging (4)
Scrolls
 j - 2 scrolls of identify
 l - 8 scrolls of fog
 n - 24 scrolls of remove curse
 q - 2 scrolls of amnesia
 v - a scroll of fear
 J - a scroll of magic mapping
 Y - a scroll of silence
 Z - 2 scrolls of summoning
Potions
 b - 8 potions of curing
 d - 3 potions of brilliance
 e - 5 potions of flight
 u - a potion of might
 F - 4 potions of cancellation
 H - 2 potions of ambrosia
 M - a potion of resistance
 O - 3 potions of magic
 T - a potion of agility
 V - a potion of invisibility
Books
 o - a manual of Axes
Miscellaneous
 s - 2 phantom mirrors
 A - a lamp of fire
 E - a phial of floods
Comestibles
 f - 31 rations
 G - 2 chunks of flesh


   Skills:
 O Level 27(26.9) Fighting
 - Level 26.0(25.9) Polearms
 - Level 10.1 Throwing
 + Level 24.7(24.6) Armour
 + Level 14.1 Dodging
 - Level 9.7(9.6) Shields
 - Level 9.0 Evocations


You had 26 spell levels left.
You didn't know any spells.
Your spell library contained the following spells:

 Spells                   Type           Power        Failure   Level  Hunger
 Animate Skeleton         Necr           N/A          82%         1    ##.....
 Apportation              Tloc           #.....       82%         1    ##.....
 Beastly Appendage        Tmut           #.....       82%         1    ##.....
 Confusing Touch          Hex            #.....       82%         1    ##.....
 Corona                   Hex            #......      82%         1    ##.....
 Flame Tongue             Conj/Fire      #....        82%         1    ##.....
 Freeze                   Ice            #...         82%         1    ##.....
 Infusion                 Chrm           #...         82%         1    ##.....
 Magic Dart               Conj           #...         82%         1    ##.....
 Pain                     Necr           #...         82%         1    ##.....
 Sting                    Conj/Pois      #...         82%         1    ##.....
 Summon Butterflies       Summ           #.......     82%         1    ##.....
 Summon Small Mammal      Summ           #...         82%         1    ##.....
 Call Imp                 Summ           #.......     91%         2    ###....
 Corpse Rot               Necr           N/A          91%         2    ###....
 Ensorcelled Hibernation  Hex/Ice        #.....       91%         2    ###....
 Searing Ray              Conj           #.....       91%         2    ###....
 Slow                     Hex            #.......     91%         2    ###....
 Sublimation of Blood     Necr           #.........   91%         2    ###....
 Throw Flame              Conj/Fire      #.....       91%         2    ###....
 Throw Frost              Conj/Ice       #.....       91%         2    ###....
 Call Canine Familiar     Summ           #.......     99%         3    ####...
 Confuse                  Hex            #.......     99%         3    ####...
 Conjure Flame            Conj/Fire      #.......     99%         3    ####...
 Dazzling Spray           Conj/Hex       #.....       99%         3    ####...
 Gell's Gravitas          Tloc           #.........   99%         3    ####...
 Inner Flame              Hex/Fire       #.......     99%         3    ####...
 Lesser Beckoning         Tloc           #.........   99%         3    ####...
 Ozocubu's Armour         Chrm/Ice       #.......     99%         3    ####...
 Portal Projectile        Hex/Tloc       #.....       99%         3    ####...
 Recall                   Summ/Tloc      N/A          99%         3    ####...
 Regeneration             Chrm/Necr      #.........   99%         3    ####...
 Spectral Weapon          Hex/Chrm       #.......     99%         3    ####...
 Spider Form              Tmut/Pois      #.........   99%         3    ####...
 Stone Arrow              Conj/Erth      #.....       99%         3    ####...
 Summon Guardian Golem    Hex/Summ       #.......     99%         3    ####...
 Tukima's Dance           Hex            #.......     99%         3    ####...
 Vampiric Draining        Necr           #.........   99%         3    ####...
 Animate Dead             Necr           N/A          100%        4    #####..
 Cause Fear               Hex            #.........   100%        4    #####..
 Force Lance              Conj/Tloc      #.......     100%        4    #####..
 Fulminant Prism          Conj/Hex       #.........   100%        4    #####..
 Ice Form                 Ice/Tmut       #.......     100%        4    #####..
 Iskenderun's Mystic Bla  Conj           #.......     100%        4    #####..
 Leda's Liquefaction      Hex/Erth       #.........   100%        4    #####..
 Olgreb's Toxic Radiance  Pois           #.......     100%        4    #####..
 Sticky Flame             Conj/Fire      #.......     100%        4    #####..
 Summon Ice Beast         Ice/Summ       #.......     100%        4    #####..
 Summon Lightning Spire   Summ/Air       #.......     100%        4    #####..
 Throw Icicle             Conj/Ice       #.......     100%        4    #####..
 Agony                    Necr           #.......     100%        5    ######.
 Alistair's Intoxication  Tmut/Pois      #.......     100%        5    ######.
 Aura of Abjuration       Summ           #.........   100%        5    ######.
 Blade Hands              Tmut           #.........   100%        5    ######.
 Bolt of Draining         Conj/Necr      #.........   100%        5    ######.
 Borgnjor's Vile Clutch   Necr/Erth      #.........   100%        5    ######.
 Dispel Undead            Necr           #.......     100%        5    ######.
 Excruciating Wounds      Chrm/Necr      #.........   100%        5    ######.
 Fireball                 Conj/Fire      #.........   100%        5    ######.
 Iskenderun's Battlesphe  Conj/Chrm      #.......     100%        5    ######.
 Metabolic Englaciation   Hex/Ice        #.........   100%        5    ######.
 Silence                  Hex/Air        #.........   100%        5    ######.
 Summon Demon             Summ           #.........   100%        5    ######.
 Summon Forest            Summ/Tloc      #.........   100%        5    ######.
 Summon Mana Viper        Hex/Summ       #.......     100%        5    ######.
 Yara's Violent Unravell  Hex/Tmut       #.........   100%        5    ######.
 Bolt of Cold             Conj/Ice       #.........   100%        6    #######
 Darkness                 Hex            #.........   100%        6    #######
 Death Channel            Necr           #.........   100%        6    #######
 Deflect Missiles         Chrm/Air       #.........   100%        6    #######
 Dispersal                Tloc           #.........   100%        6    #######
 Freezing Cloud           Conj/Ice/Air   #.........   100%        6    #######
 Hydra Form               Tmut           #.........   100%        6    #######
 Invisibility             Hex            #.......     100%        6    #######
 Ozocubu's Refrigeration  Ice            #.........   100%        6    #######
 Poison Arrow             Conj/Pois      #.........   100%        6    #######
 Shadow Creatures         Summ           N/A          100%        6    #######
 Simulacrum               Ice/Necr       #.........   100%        6    #######
 Malign Gateway           Summ/Tloc      #.........   100%        7    #######
 Monstrous Menagerie      Summ           #.........   100%        7    #######
 Ring of Flames           Chrm/Fire      #.........   100%        7    #######
 Spellforged Servitor     Conj/Summ      #.........   100%        7    #######
 Summon Greater Demon     Summ           #.........   100%        7    #######
 Summon Hydra             Summ           #.........   100%        7    #######
 Chain Lightning          Conj/Air       #.........   100%        8    #######
 Disjunction              Tloc           #.........   100%        8    #######
 Ignition                 Fire           #.........   100%        8    #######
 Lehudib's Crystal Spear  Conj/Erth      #.........   100%        8    #######
 Summon Horrible Things   Summ           #.........   100%        8    #######
 Fire Storm               Conj/Fire      #.........   100%        9    #######
 Glaciate                 Conj/Ice       #.........   100%        9    #######
 Controlled Blink         Tloc           Unusable     N/A         8    N/A

Dungeon Overview and Level Annotations

Branches:
Dungeon (15/15)            Temple (1/1) D:4            Lair (6/6) D:11
 Shoals (4/4) Lair:2        Snake (4/4) Lair:3        Slime (0/5) Lair:6
    Orc (2/2) D:9             Elf (3/3) Orc:2        Vaults (5/5) D:14
  Crypt (3/3) Vaults:3       Tomb (0/3) Crypt:3      Depths (5/5) D:15
    Zot (5/5) Depths:5    Volcano (visited)

Altars:
Ashenzari
Cheibriados
Dithmenos
Elyvilon
Fedhas
Gozag
Hepliaklqana
Kikubaaqudgha
Makhleb
Nemelex Xobeh
Okawaru
Qazlal
Ru
Sif Muna
Trog
Uskayaw
Vehumet
Wu Jian
Xom
Yredelemnul
Zin
The Shining One
Beogh
Jiyva

Shops:
D:5 }   D:6 =   D:12 :%?*(   D:13 ?   Orc:2 (*?[   Elf:1 **   Elf:2 =}[?[
Elf:3 (=[   Shoals:1 %   Snake:2 }=}   Vaults:5 !!?%?!??   Depths:1 ([[[
Depths:2 *=}%   Depths:3 :

Portals:
Hell: Depths:1 Depths:2 Depths:3 Depths:4 Depths:5
Abyss: Depths:4 Depths:5
Pandemonium: Depths:3
Ziggurat: Depths:2
Trove: Vaults:1 (lose all piety)

Annotations:
Lair:6 1 runed translucent door
Shoals:1 1 runed translucent door, royokou's ghost, adept GrEE
Shoals:3 2 transporters
Snake:3 1 runed translucent door, CPrA's ghost, adept MiHu
Orc:2 2 transporters, Apaele's ghost, journeyman GrFi
Depths:2 exclusion: downstairs
Zot:4 1 runed translucent door, Alunk's ghost, legendary GnFi
Zot:5 1 exclusion


Innate Abilities, Weirdness & Mutations

You cannot be hasted, slowed, berserked, paralysed or teleported.
You can dig through walls and to a lower floor.
Your four strong arms can wield two-handed weapons with a shield.
You have a pair of large antennae on your head. (SInv)
Your life essence is reduced to manifest your ancestor. (-10% HP)


Message History

* * * LOW HITPOINT WARNING * * *
You feel much better. You block the Orb Guardian's attack.
The Orb Guardian hits you!!!
* * * LOW HITPOINT WARNING * * *
You feel much better. The Orb Guardian hits you.
* * * LOW HITPOINT WARNING * * *
The Orb Guardian hits you!!
* * * LOW HITPOINT WARNING * * *
The sentinel's mark upon you fades away.
The Orb Guardian hits you!!
* * * LOW HITPOINT WARNING * * *
As you read the scroll of summoning, it crumbles to dust.
Wisps of shadow whirl around you... You block the Orb Guardian's attack.
The Orb Guardian misses you.
The Orb Guardian hits you but does no damage.
You block the Orb Guardian's attack.
Your moth of wrath misses the Orb Guardian.
The Orb Guardian hits your shadow dragon!!
The Orb Guardian hits you!!!
You die...

#...## #.. {## ##'##
##. ##...## .###..##
##.....## .......##
##.......##
....[$).#+#+#.........#
##.....#.'.Xy......#
#....[.#.#.DXy.....#
####...)X##.#@###.##
#...#.#####...###
#####..###.....##
#...###.......##
###..'.......>.#
#......#.......[.#
#....####.........#
..... ##.......## ####
##.....##


You could see 2 Orb Guardians, a friendly shadow dragon and 2 friendly moths of
wrath.

Vanquished Creatures
  3 ancient liches
  Tiamat (Zot:4)
  Mennas (Vaults:4)
  2 juggernauts
  Sojobo (Depths:1)
  Boris (Crypt:2)
  A Killer Klown (Zot:2)
  Margery (Crypt:2)
  Frederick (Vaults:3)
  Xtahua (Depths:4)
  Saint Roka (Orc:2)
  2 curse toes (Zot:4)
  Jory (Depths:5)
  10 golden dragons
  An electric golem (Zot:2)
  4 tentacled monstrosities
  2 Orb Guardians (Zot:5)
  2 deep elf blademasters (Elf:3)
  6 titans (Vaults:5)
  A deep elf master archer (Elf:3)
  2 quicksilver dragons
  9 liches
  2 sphinxes
  2 krakens
  10 death cobs
  Agnes (D:14)
  10 storm dragons
  Frances (D:13)
  A shadow dragon (shapeshifter) (Vaults:5)
  6 shadow dragons
  8 tengu reavers
  Roxanne (D:15)
  2 ancient champions (Crypt:3)
  Donald (Orc:2)
  2 draconian monks (Zot:4)
  13 fire giants
  14 vault wardens
  4 nagarajas
  4 iron dragons
  A revenant (Crypt:1)
  3 draconian knights
  3 deep elf sorcerers
  A ghost moth (Zot:4)
  8 frost giants
  4 draconian shifters
  4 draconian stormcallers
  5 curse skulls
  9 deep elf elementalists
  3 draconian scorchers
  6 ironheart preservers
  3 spriggan defenders
  3 ghouls
  17 stone giants
  5 draconian annihilators
  10 very ugly things
  2 entropy weavers (Vaults:3)
  A caustic shrike skeleton (Crypt:2)
  An entropy weaver (shapeshifter) (Vaults:5)
  2 vampire knights (Crypt:2)
  6 deep elf demonologists
  3 deep elf annihilators (Elf:3)
  10 black draconians
  4 green draconians
  8 red draconians
  6 yellow draconians
  5 white draconians
  15 spark wasps
  10 purple draconians
  3 eidola
  5 dire elephants
  10 ettins
  A merfolk javelineer (Shoals:4)
  The ghost of Keadol the Thaumaturge, a journeyman DrCj of Vehumet (Lair:1)
  2 deep elf high priests
  10 deep elf death magi
  Josephine (Lair:6)
  4 merfolk impalers
  6 jiangshi
  7 fire dragons
  16 yaktaur captains
  7 ice dragons
  10 great orbs of eyes
  6 rakshasas
  A great orb of eyes (shapeshifter) (Elf:3)
  26 vault guards
  11 naga warriors
  8 ogre magi
  Harold (D:11)
  4 hydras
  2 spriggan air magi
  7 centaur warriors
  3 anacondas
  3 merfolk avatars
  A death knight (Vaults:1)
  A satyr (Shoals:3)
  46 two-headed ogres
  9 tengu warriors
  5 merfolk aquamancers
  6 deep troll earth magi
  27 dancing weapons
  8 deep troll shamans
  7 naga sharpshooters
  A titan zombie (Crypt:2)
  4 vampire magi
  A sun demon (Depths:1)
  5 orc high priests
  5 spriggan berserkers
  Sonja (D:12)
  6 soul eaters (Depths:1)
  12 deep elf knights
  9 skeletal warriors
  4 hell knights
  A spriggan (Depths:5)
  2 shadow wraiths
  A fire crab (shapeshifter) (Depths:3)
  A spark wasp zombie (Depths:3)
  A death drake (shapeshifter) (Depths:3)
  A large abomination (Elf:1)
  4 iron trolls
  6 sea snakes
  A glowing orange brain (shapeshifter) (Vaults:4)
  A salamander mystic (Snake:4)
  2 unseen horrors
  4 flayed ghosts
  28 deep trolls
  5 wizards
  A tengu zombie (Depths:3)
  A shadow demon (Depths:3)
  3 golden dragon skeletons (Crypt:3)
  3 naga ritualists
  An infernal demonspawn (Depths:3)
  10 ironbrand convokers
  A lindwurm (Volcano)
  14 harpies
  9 necromancers
  3 deep elf archers
  9 phantasmal warriors
  4 glowing orange brains
  A harpy (shapeshifter) (Elf:1)
  6 mana vipers
  12 orc knights
  10 orc sorcerers
  A manticore (shapeshifter) (Vaults:5)
  21 ugly things
  A wolf spider (Vaults:2)
  54 deep elf magi
  A stone giant zombie (Crypt:1)
  3 salamanders
  An oklob plant (Lair:3)
  8 cyclopes
  9 manticores
  A centaur zombie (D:14)
  15 moths of wrath
  A dire elephant zombie (Crypt:1)
  15 black mambas
  A merfolk siren (Shoals:3)
  7 naga magi
  2 molten gargoyles (Volcano)
  4 elephants
  A torpor snail (shapeshifter) (Vaults:5)
  A water nymph (shapeshifter) (Depths:1)
  4 vault sentinels
  A guardian serpent (Snake:1)
  A rust devil (Depths:3)
  The ghost of Esos the Cudgeler, a novice DgIE (D:5)
  2 gargoyles
  2 spiny frogs (shapeshifter)
  3 water nymphs
  A minotaur zombie (Crypt:1)
  4 spiny frogs
  2 dire elephant skeletons
  4 kobold demonologists
  A spark wasp simulacrum (Depths:3)
  An efreet (Volcano)
  A red draconian skeleton (Crypt:2)
  A guardian mummy (Crypt:3)
  2 elf zombies
  30 yaktaurs
  5 freezing wraiths
  2 komodo dragons
  An ice devil (Depths:3)
  A silent spectre (Depths:1)
  2 tengu conjurers
  A green draconian skeleton (Crypt:2)
  9 merfolk
  2 trolls
  3 hornets
  13 slime creatures
  3 meliai (D:14)
  3 polar bears
  11 blink frogs
  2 wind drakes
  A bog body (Crypt:3)
  10 dream sheep
  4 hippogriffs
  A flying skull (Crypt:3)
  A fire dragon zombie (Crypt:2)
  A fire giant simulacrum (Crypt:1)
  A meliai zombie (D:12)
  8 water elementals
  7 snapping turtles
  2 air elementals
  A centaur simulacrum (D:15)
  An ettin skeleton (Crypt:1)
  A spriggan (shapeshifter) (Vaults:2)
  5 wyverns
  3 tarantellas (shapeshifter)
  10 wraiths
  41 yaks
  2 hogs (D:15)
  8 fire elementals
  A yak (shapeshifter) (Depths:4)
  2 hungry ghosts
  A basilisk (Lair:6)
  A wind drake skeleton (Crypt:3)
  A vampire mosquito (D:14)
  A deep troll zombie (Crypt:3)
  30 nagas
  9 wargs
  A soldier ant (shapeshifter) (Elf:2)
  2 acid dragons (Vaults:2)
  A floating eye (shapeshifter) (Vaults:3)
  3 soldier ants
  7 water moccasins
  A hell hound (D:12)
  4 porcupines
  43 orc warriors
  2 hornet zombies (D:15)
  2 snapping turtle zombies
  6 sky beasts
  6 ice beasts
  An eye of draining (D:9)
  5 phantoms
  A black bear (D:5)
  29 ogres
  5 boggarts
  3 ettin simulacra
  8 wolves
  7 centaurs
  A dream sheep skeleton (Crypt:1)
  A crocodile (shapeshifter) (Elf:1)
  A lindwurm skeleton (Crypt:2)
  2 snapping turtle skeletons
  7 crocodiles
  2 big kobolds
  A hog skeleton (Crypt:3)
  2 wyvern zombies
  A rime drake skeleton (Crypt:2)
  10 bullfrogs
  4 earth elementals
  A cyclops zombie (Crypt:1)
  A water moccasin zombie (Crypt:3)
  2 komodo dragon skeletons (Crypt:2)
  3 scorpions
  A shapeshifter zombie (Crypt:1)
  3 killer bees (D:13)
  14 wights
  3 electric eels
  A howler monkey (D:10)
  6 crimson imps
  A bullfrog zombie (D:11)
  A quasit (D:15)
  18 orc priests
  7 hounds
  6 jellies
  5 centaur skeletons
  Jessica (D:3)
  2 iguanas
  22 orc wizards
  8 hell rats
  6 worker ants
  An ogre skeleton (Crypt:3)
  3 hound zombies
  12 mummies (Crypt:3)
  A howler monkey zombie (D:6)
  Robin (D:4)
  19 adders
  4 shadow imps
  An ooze (D:1)
  2 adder skeletons
  2 worms (D:2)
  2 dart slugs
  8 leopard geckos
  73 orcs
  2 ball pythons
  13 bats
  A bat skeleton (Crypt:1)
  4 bat zombies (D:2)
  5 giant cockroaches
  13 goblins
  11 hobgoblins
  10 jackals
  7 kobolds
  5 quokkas
  3 frilled lizards
  A hobgoblin zombie (Crypt:1)
  5 rats
  2 rat zombies (D:2)
  A spectral orc (D:3)
  A fire vortex (Volcano)
  2 plants (Lair:6)
  4 tentacles
1673 creatures vanquished.

Vanquished Creatures (collateral kills)
  Boris (Crypt:3)
  2 golden dragons
  A bone dragon (Crypt:3)
  2 electric golems
  A lich (Depths:1)
  2 tentacled monstrosities
  Jorgrun (D:12)
  2 Orb Guardians (Zot:5)
  A deep elf blademaster (Elf:2)
  4 quicksilver dragons
  A deep elf master archer (Elf:3)
  A sphinx (Vaults:5)
  A titan (Vaults:5)
  A death cob (Zot:4)
  An ancient champion (Crypt:3)
  Kirke (D:15)
  5 shadow dragons
  3 tengu reavers
  2 nagarajas (Snake:4)
  2 storm dragons
  3 revenants
  6 fire giants
  A draconian knight (Zot:5)
  A balrug (Depths:1)
  3 frost giants
  2 deep elf sorcerers (Depths:1)
  An orc warlord (D:9)
  An iron dragon (Depths:5)
  Aizul (Shoals:1)
  2 vault wardens
  A draconian shifter (Zot:4)
  2 ghouls (Crypt:1)
  9 very ugly things
  8 ironheart preservers
  A draconian annihilator (Depths:5)
  A war gargoyle (Vaults:5)
  5 stone giants
  A vampire knight (Crypt:1)
  3 deep elf demonologists
  2 green draconians
  2 large abominations (Elf:3)
  5 deep elf annihilators
  2 dire elephants
  Azrael (D:12)
  7 spark wasps
  2 purple draconians
  A black draconian (Zot:3)
  3 yellow draconians
  A red draconian (Zot:5)
  3 yaktaur captains
  A deep elf high priest (Elf:3)
  2 jiangshi (Crypt:1)
  2 deep elf death magi (Elf:3)
  A merfolk impaler (Shoals:4)
  A death ooze (Lair:1)
  3 fire dragons
  9 vault guards
  5 ice dragons
  9 ogre magi
  A hydra (Lair:2)
  6 great orbs of eyes
  A merfolk avatar (Shoals:3)
  A spriggan air mage (Depths:5)
  A rakshasa (Depths:2)
  A centaur warrior (Depths:3)
  4 naga warriors (Snake:4)
  An anaconda (Snake:2)
  13 two-headed ogres
  2 merfolk aquamancers (Shoals:1)
  A satyr (Shoals:4)
  A dancing weapon (Elf:3)
  2 tengu warriors
  An alligator snapping turtle (Shoals:4)
  5 deep troll shamans
  A death yak (shapeshifter) (Vaults:5)
  3 deep troll earth magi
  3 vampire magi
  A soul eater (Depths:1)
  Urug (Lair:4)
  4 naga sharpshooters
  A shock serpent (Snake:4)
  Nergalle (Lair:4)
  A sun demon (Depths:1)
  2 iron trolls
  A skeletal warrior (Crypt:3)
  A deep elf knight (Vaults:2)
  2 sea snakes
  An unseen horror (shapeshifter) (Depths:3)
  A wizard (Depths:1)
  A glowing orange brain (Depths:2)
  A naga ritualist (Snake:4)
  8 deep trolls
  2 deep elf archers
  An unseen horror (D:14)
  The ghost of Arum the Skirmisher, a novice TeMo of Vehumet (D:7)
  A wolf spider zombie (D:15)
  4 ironbrand convokers
  A lindwurm (Volcano)
  3 harpies
  4 orc knights
  4 phantasmal warriors
  14 ugly things
  7 deep elf magi
  3 slime creatures
  An oklob plant (Lair:3)
  3 salamanders
  2 manticores (Shoals:4)
  An elephant (shapeshifter) (Depths:5)
  A cyclops (D:14)
  3 centaur zombies
  13 black mambas
  A moth of wrath (Zot:4)
  3 merfolk sirens
  A guardian serpent (shapeshifter) (Depths:3)
  5 elephants
  3 vault sentinels (Vaults:5)
  A water nymph (Shoals:2)
  A naga mage (Snake:4)
  A molten gargoyle (Volcano)
  A guardian serpent (Snake:1)
  An orange demon (Depths:3)
  4 spiny frogs
  2 kobold demonologists
  A torpor snail (Lair:6)
  3 komodo dragons
  A rime drake (Lair:1)
  A freezing wraith (Vaults:1)
  A komodo dragon (shapeshifter) (Depths:5)
  14 yaktaurs
  11 merfolk
  A tengu conjurer (Depths:3)
  3 trolls
  2 polar bears
  4 blink frogs
  5 dream sheep
  A stone giant simulacrum (Vaults:2)
  A snapping turtle (Shoals:4)
  A guardian serpent skeleton (Crypt:3)
  4 hippogriffs
  3 wraiths
  2 flying skulls
  A tarantella (shapeshifter) (Depths:1)
  15 yaks
  6 water elementals
  2 fire elementals
  A basilisk (Lair:6)
  A steam dragon (D:12)
  A wind drake skeleton (Crypt:1)
  19 nagas
  A soldier ant (D:14)
  12 orc warriors
  11 water moccasins
  A floating eye (shapeshifter) (Elf:3)
  A porcupine (Lair:4)
  A faun skeleton (Crypt:3)
  An ice beast (D:9)
  A black bear (D:8)
  An eye of draining (D:15)
  2 boggarts (Depths:1)
  2 necrophages
  15 ogres
  6 wolves
  3 centaurs
  A crocodile (Lair:5)
  2 big kobolds
  3 bullfrogs
  2 earth elementals (Volcano)
  A scorpion (D:7)
  2 killer bees (D:13)
  4 wights
  2 electric eels (D:12)
  A jelly (Lair:1)
  6 orc priests
  A bullfrog skeleton (D:8)
  6 worker ants
  8 orc wizards
  4 hell rats (Lair:6)
  3 adders (Lair:3)
  A shadow imp (D:5)
  A leopard gecko (D:7)
  20 orcs
  A giant cockroach (D:5)
  2 jackals (D:5)
  3 kobolds
  A bush (Lair:1)
  A crawling corpse (Elf:3)
  A fungus (Lair:5)
  7 plants
  A tentacle (Shoals:3)
565 creatures vanquished.

Vanquished Creatures (others)
  2 deep elf master archers (Elf:3)
  A fire giant (Depths:5)
  An ironheart preserver (Vaults:4)
  2 stone giants
  A white draconian (Depths:5)
  2 merfolk javelineers (Shoals:4)
  2 yaktaur captains
  A centaur warrior (Vaults:1)
  A merfolk aquamancer (Shoals:4)
  A naga sharpshooter (Snake:1)
  A deep elf knight (Elf:3)
  A shadow wraith (Vaults:2)
  A sea snake (Shoals:4)
  A harpy (Shoals:4)
  3 cyclopes
  A salamander (Snake:4)
  A deep elf mage (Elf:1)
  8 yaktaurs
  A merfolk (Shoals:3)
  A water elemental (Elf:3)
  4 yaks (Lair:1)
  2 humans
  2 orc warriors
  A boggart (Depths:1)
  68 battlemagi
  10 ancestors
  3 orcs
  6 fungi
  25 plants
  36 tentacles
  4 withered plants
194 creatures vanquished.

Grand Total: 2432 creatures vanquished

Notes
Turn   | Place    | Note
-------+----------+-------------------------------------------
     0 | D:1      | Mesmaeker13 the Formicid Fighter began the quest for the
                  | Orb.
     0 | D:1      | Reached XP level 1. HP: 18/18 MP: 1/1
    60 | D:1      | Reached XP level 2. HP: 22/24 MP: 2/2
   230 | D:1      | Reached XP level 3. HP: 23/29 MP: 3/3
  1124 | D:2      | Reached XP level 4. HP: 37/37 MP: 4/4
  1187 | D:2      | Found a shadowy altar of Dithmenos.
  1270 | D:2      | Reached skill level 4 in Fighting
  1376 | D:2      | Found a faded altar of an unknown god.
  1442 | D:2      | Reached XP level 5. HP: 39/42 MP: 5/5
  1691 | D:2      | Found an ancient bone altar of Kikubaaqudgha.
  1889 | D:3      | Noticed Jessica
  1898 | D:3      | Killed Jessica
  1900 | D:3      | You fall into a shaft and drop 1 floor!
  1900 | D:4      | Noticed an ogre
  1914 | D:4      | Killed an ogre
  1914 | D:4      | Reached skill level 5 in Shields
  1914 | D:4      | Reached XP level 6. HP: 49/49 MP: 6/6
  1940 | D:4      | Noticed an ogre
  1987 | D:4      | Killed an ogre
  2469 | D:4      | Reached XP level 7. HP: 51/55 MP: 7/7
  2715 | D:3      | Found a basalt altar of Yredelemnul.
  3311 | D:4      | Noticed Robin
  3326 | D:4      | Reached skill level 5 in Armour
  3350 | D:4      | Reached skill level 5 in Fighting
  3382 | D:4      | Killed Robin
  3717 | D:4      | Found a staircase to the Ecumenical Temple.
  3742 | Temple   | Entered the Ecumenical Temple
  3748 | Temple   | Became a worshipper of Hepliaklqana the Forgotten
  3975 | D:4      | Found a shimmering blue altar of Sif Muna.
  4253 | D:5      | Entered Level 5 of the Dungeon
  4520 | D:5      | Found a runed translucent door.
  4520 | D:5      | Noticed Esos's ghost (novice DgIE)
  4733 | D:5      | Reached XP level 8. HP: 53/56 MP: 8/8
  4762 | D:5      | Reached * piety under Hepliaklqana
  4920 | D:5      | Found Risch's Gadget Boutique.
  5125 | D:5      | Killed Esos's ghost
  5125 | D:5      | Reached skill level 6 in Fighting
  5125 | D:5      | Reached skill level 5 in Polearms
  5419 | D:6      | You fall into a shaft and drop 3 floors!
  5428 | D:8      | Noticed a two-headed ogre
  5546 | D:7      | Reached XP level 9. HP: 56/63 MP: 6/9
  5894 | D:6      | Found Rurr's Jewellery Shoppe.
  5897 | D:6      | Reached skill level 7 in Fighting
  6064 | D:6      | Reached ** piety under Hepliaklqana
  6281 | D:7      | Noticed Arum's ghost (novice TeMo)
  6282 | D:7      | Found a bloodstained altar of Trog.
  6282 | D:7      | Noticed a moth of wrath
  6282 | D:7      | Noticed a cyclops
  6375 | D:7      | Found a transporter.
  6379 | D:7      | Found a transporter.
  7005 | D:7      | Noticed a hippogriff
  7016 | D:7      | Killed a hippogriff
  7626 | D:8      | Killed a two-headed ogre
  7626 | D:8      | Reached skill level 8 in Fighting
  7626 | D:8      | Reached XP level 10. HP: 72/72 MP: 10/10
  7712 | D:8      | Reached *** piety under Hepliaklqana
  7729 | D:8      | Noticed a two-headed ogre
  7742 | D:8      | Killed a two-headed ogre
  8313 | D:8      | Reached skill level 9 in Fighting
  8525 | D:8      | Reached skill level 1 in Evocations
  8746 | D:9      | Noticed a two-headed ogre
  8753 | D:9      | Killed a two-headed ogre
  8753 | D:9      | Reached XP level 11. HP: 46/80 MP: 10/12
  8976 | D:9      | Noticed a two-headed ogre
  8980 | D:9      | Killed a two-headed ogre
  9094 | D:9      | Found a staircase to the Orcish Mines.
  9103 | D:9      | Noticed a two-headed ogre
  9109 | D:9      | Killed a two-headed ogre
  9178 | D:9      | Reached skill level 10 in Fighting
  9178 | D:9      | Reached skill level 10 in Armour
  9342 | D:9      | Reached **** piety under Hepliaklqana
  9375 | D:9      | Found an ornate altar of the Wu Jian Council.
  9376 | D:9      | Found a stormy altar of Qazlal.
  9591 | D:10     | Entered Level 10 of the Dungeon
  9952 | D:10     | Reached skill level 5 in Evocations
  9979 | D:10     | Noticed a two-headed ogre
  9989 | D:10     | Killed a two-headed ogre
 10247 | D:10     | Reached XP level 12. HP: 81/88 MP: 16/16
 10681 | D:11     | Noticed a two-headed ogre
 10889 | D:11     | Found a staircase to the Lair.
 11185 | D:11     | Noticed Harold
 11200 | D:11     | Killed Harold
 11231 | D:11     | Killed a two-headed ogre
 11530 | D:11     | Reached skill level 11 in Fighting
 11608 | D:11     | Reached skill level 10 in Polearms
 11691 | Lair:1   | Entered Level 1 of the Lair of Beasts
 11852 | Lair:1   | Remembered your ancestor Ingwe as a battlemage
 12557 | Lair:1   | Found a runed translucent gate.
 12557 | Lair:1   | Found a runed translucent gate.
 12557 | Lair:1   | Found a runed translucent gate.
 12561 | Lair:1   | Noticed Keadol's ghost (journeyman DrCj)
 12561 | Lair:1   | Noticed a death ooze
 12563 | Lair:1   | Found a viscous altar of Jiyva.
 12596 | Lair:1   | Got a dazzling war axe
 12598 | Lair:1   | Identified the +10 war axe of Kismet {venom, SInv} (You
                  | found it on level 1 of the Lair of Beasts)
 12740 | Lair:2   | Reached ***** piety under Hepliaklqana
 12788 | Lair:2   | Reached XP level 13. HP: 95/95 MP: 18/18
 13066 | Lair:2   | Noticed a four-headed hydra
 13073 | Lair:2   | Killed a four-headed hydra
 13194 | Lair:2   | Found a staircase to the Shoals.
 13560 | Lair:3   | Reached skill level 12 in Fighting
 13571 | Lair:3   | Found a staircase to the Snake Pit.
 13671 | Lair:3   | Found a dark tunnel.
 13723 | Volcano  | Entered a volcano
 15009 | Lair:4   | Noticed Nergalle
 15023 | Lair:4   | Killed Nergalle
 15462 | Lair:4   | Noticed Urug
 15483 | Lair:4   | Killed Urug
 16053 | Lair:5   | Reached skill level 1 in Throwing
 16056 | Lair:5   | Reached XP level 14. HP: 73/104 MP: 20/20
 16295 | Lair:5   | Got an iridescent hand crossbow
 16432 | Lair:5   | Reached skill level 13 in Fighting
 16706 | Lair:6   | Entered Level 6 of the Lair of Beasts
 16794 | Lair:6   | Reached ****** piety under Hepliaklqana
 17111 | Lair:6   | Noticed Josephine
 17130 | Lair:6   | Killed Josephine
 17558 | Lair:6   | Found a runed translucent door.
 17559 | Lair:6   | Found a viscous altar of Jiyva.
 17559 | Lair:6   | Noticed an acid blob
 17559 | Lair:6   | Noticed an acid blob
 17560 | Lair:6   | Noticed an acid blob
 17561 | Lair:6   | Found a staircase to the Slime Pits.
 17562 | Lair:6   | Noticed an acid blob
 18102 | Lair:6   | Identified the +7 hand crossbow "Duenaem" {penet, Dex+2}
                  | (You found it on level 5 of the Lair of Beasts)
 18246 | Lair:6   | Got a translucent turquoise ring
 18247 | Lair:6   | Identified the ring "Sinkes" {MP+9 Dex+3} (You found it on
                  | level 6 of the Lair of Beasts)
 18368 | Lair:6   | Noticed a dire elephant
 18375 | Lair:6   | Killed a dire elephant
 18375 | Lair:6   | Reached skill level 5 in Throwing
 18421 | Lair:6   | Noticed a dire elephant
 18421 | Lair:6   | Noticed a dire elephant
 18435 | Lair:6   | Killed a dire elephant
 18449 | Lair:6   | Killed a dire elephant
 18522 | Lair:6   | Noticed a dire elephant
 18533 | Lair:6   | Killed a dire elephant
 18678 | Lair:6   | Noticed a dire elephant
 18688 | Lair:6   | Killed a dire elephant
 18688 | Lair:6   | Reached XP level 15. HP: 89/112 MP: 21/21
 19031 | Orc:1    | Entered Level 1 of the Orcish Mines
 19031 | Orc:1    | Noticed an orc warlord
 19058 | D:9      | Killed an orc warlord
 19088 | D:9      | Reached skill level 14 in Fighting
 19491 | Orc:1    | Found a roughly hewn altar of Beogh.
 19808 | Orc:2    | Entered Level 2 of the Orcish Mines
 19817 | Orc:2    | Found a transporter.
 19818 | Orc:2    | Noticed Apaele's ghost (journeyman GrFi)
 19831 | Orc:2    | Found a transporter.
 19990 | Orc:2    | Found a burning altar of Makhleb.
 20254 | Orc:2    | Found a staircase to the Elven Halls.
 20276 | Orc:2    | Noticed Saint Roka
 20486 | Orc:2    | Killed Saint Roka
 20601 | Orc:2    | Noticed Donald
 20610 | Orc:2    | Killed Donald
 21705 | Orc:2    | Found Somus's General Store.
 21712 | Orc:2    | Found Xinuff's Magic Scroll Boutique.
 21714 | Orc:2    | Found Vumublui's Antique Armour Boutique.
 21715 | Orc:2    | Found Hixuuteu's Weapon Emporium.
 21735 | Orc:2    | Bought a scroll of identify for 32 gold pieces
 21735 | Orc:2    | Bought a scroll of enchant weapon for 120 gold pieces
 21749 | Orc:2    | Bought a scroll of enchant weapon for 105 gold pieces
 21749 | Orc:2    | Bought a scroll of enchant armour for 105 gold pieces
 21954 | D:12     | Found Nuaxugg's Food Shop.
 22189 | D:12     | Found Uczofug's Antique Weapon Boutique.
 22203 | D:12     | Noticed Sonja
 22209 | D:12     | Killed Sonja
 22416 | D:12     | Noticed Jorgrun
 22426 | D:12     | Killed Jorgrun
 23078 | D:12     | Found Tider's Assorted Antiques.
 23081 | D:12     | Bought a potion of curing for 87 gold pieces
 23081 | D:12     | Bought a scroll of identify for 58 gold pieces
 23081 | D:12     | Bought a potion of curing for 87 gold pieces
 23081 | D:12     | Bought a ruby ring for 145 gold pieces
 23125 | D:12     | Found Eboof's Magic Scroll Shop.
 23136 | D:12     | Bought a scroll of fear for 42 gold pieces
 23136 | D:12     | Bought a scroll of fear for 42 gold pieces
 23215 | D:12     | Found Asuttune's Book Boutique.
 23448 | D:12     | Noticed Azrael
 23461 | D:12     | Killed Azrael
 23609 | D:13     | Found Moej's Magic Scroll Shoppe.
 23614 | D:13     | Bought a scroll of acquirement for 728 gold pieces
 23621 | D:13     | Got a smoking hunting sling
 23692 | D:13     | Bought a scroll of identify for 28 gold pieces
 23693 | D:13     | Identified the +7 hunting sling of the Extremely Mad
                  | {venom, rC- Str+4 Int+6} (You acquired it on level 13 of
                  | the Dungeon)
 23861 | D:13     | Noticed Frances
 23866 | D:13     | Reached XP level 16. HP: 91/120 MP: 22/22
 23877 | D:13     | HP: 4/120 [Frances/iron shot (25)]
 23878 | D:13     | Killed Frances
 24300 | D:13     | Reached skill level 15 in Fighting
 24464 | D:14     | Reached skill level 15 in Armour
 24613 | D:14     | Noticed Agnes
 24642 | D:14     | Killed Agnes
 25473 | D:14     | Found a gate to the Vaults.
 25802 | D:15     | Entered Level 15 of the Dungeon
 26038 | D:15     | Noticed Kirke
 26061 | D:15     | Noticed a sphinx
 26065 | D:15     | Killed Kirke
 26130 | D:15     | Noticed a fire giant
 26232 | D:15     | Found a staircase to the Depths.
 26344 | D:15     | Killed a fire giant
 26675 | D:15     | Identified Roxanne's Reference Book on Earth
 26675 | D:15     | Noticed Roxanne
 27180 | D:15     | Killed Roxanne
 27283 | D:15     | Reached XP level 17. HP: 87/128 MP: 23/23
 27913 | D:7      | Killed Arum's ghost
 28192 | Lair:1   | Killed Keadol's ghost
 28230 | Lair:1   | Got a crude chain mail
 28242 | Lair:1   | Identified the +8 chain mail "Waoghy" {SInv} (You found it
                  | on level 1 of the Lair of Beasts)
 28522 | Orc:2    | Bought the +1 ring mail "Xyph" {rElec rPois rF- rCorr} for
                  | 412 gold pieces
 28741 | Snake:1  | Entered Level 1 of the Snake Pit
 28806 | Snake:1  | Reached skill level 16 in Fighting
 28806 | Snake:1  | Reached skill level 10 in Throwing
 30341 | Snake:2  | Found Sutexafat's Gadget Shoppe.
 30341 | Snake:2  | Found Vely's Jewellery Boutique.
 30342 | Snake:2  | Found Puikh's Gadget Shoppe.
 30351 | Snake:2  | Bought an uncursed ring of poison resistance for 340 gold
                  | pieces
 30460 | Snake:2  | Identified the Reference Book on Lucky Transmutation
 30475 | Snake:2  | Reached skill level 15 in Polearms
 31995 | Snake:3  | Found a runed translucent door.
 31995 | Snake:3  | Found a shimmering altar of Xom.
 31995 | Snake:3  | Noticed CPrA's ghost (adept MiHu)
 32494 | Snake:3  | Found a hazy altar of Hepliaklqana.
 32700 | Snake:4  | Entered Level 4 of the Snake Pit
 33162 | Snake:4  | Reached XP level 18. HP: 97/137 MP: 24/24
 33907 | Snake:4  | Reached skill level 17 in Fighting
 34310 | Snake:4  | Got a shimmering cloak
 34321 | Snake:4  | Identified the +2 cloak "Cinodgh" {rPois rF+ rN+ rCorr}
                  | (You found it on level 4 of the Snake Pit)
 34374 | Snake:4  | Got a serpentine rune of Zot
 34958 | Shoals:1 | Entered Level 1 of the Shoals
 35099 | Shoals:1 | Found a runed translucent door.
 35100 | Shoals:1 | Noticed royokou's ghost (adept GrEE)
 35212 | Shoals:1 | Found Ziomiyti's Food Emporium.
 36037 | Shoals:2 | Noticed a kraken
 36060 | Shoals:2 | Killed a kraken
 36303 | Shoals:3 | Found a transporter.
 36369 | Shoals:3 | Found a transporter.
 36745 | Shoals:3 | Noticed a kraken
 36908 | Shoals:3 | Killed a kraken
 37120 | Shoals:4 | Entered Level 4 of the Shoals
 37127 | Shoals:4 | Reached XP level 19. HP: 146/146 MP: 25/25
 37218 | Shoals:4 | Got an ancient plate armour
 37312 | Shoals:4 | Identified the +8 plate armour of Jadas {-Tele rElec Int+5}
                  | (You found it on level 4 of the Shoals)
 37382 | Shoals:4 | Got a transparent golden ring
 37384 | Shoals:4 | Identified the ring of Varoihin {+Blink rPois rN++ Int+2
                  | Dex-3} (You found it on level 4 of the Shoals)
 37559 | Shoals:4 | Reached skill level 18 in Fighting
 37997 | Shoals:4 | Got a barnacled rune of Zot
 38527 | Shoals:1 | Noticed Aizul
 38544 | Shoals:1 | Killed Aizul
 38863 | Depths:1 | Entered Level 1 of the Depths
 38864 | Depths:1 | Found Yrphuimp's Antique Weapon Emporium.
 39042 | Depths:1 | Bought a glowing glaive for 294 gold pieces
 39517 | Depths:1 | Found Xoich's General Store.
 39971 | Depths:1 | Found a gateway to Hell.
 40052 | Depths:1 | Found Mabluq Wibe's Antique Armour Shop.
 40105 | Depths:1 | Found Jiluxuk's Antique Armour Shoppe.
 40126 | Depths:1 | Reached XP level 20. HP: 153/154 MP: 26/26
 40398 | Depths:1 | Found Qeutetid's Armour Emporium.
 40637 | Depths:1 | Found a runed door.
 40646 | Depths:1 | Noticed a lich
 41234 | Depths:2 | Noticed a juggernaut
 41236 | Depths:2 | Reached skill level 19 in Fighting
 41236 | Depths:2 | Noticed Sojobo
 41259 | Depths:1 | Killed a juggernaut
 41387 | Depths:1 | Killed Sojobo
 41794 | Depths:2 | Found a gateway to a ziggurat.
 41795 | Depths:2 | Identified the +13 large shield of Creativity {*Slow rPois
                  | rC+}
 41920 | Depths:2 | Found Dentiur's Food Shop.
 41925 | Depths:2 | Found Vilior's Gadget Shop.
 41925 | Depths:2 | Found Uzxus's Jewellery Boutique.
 42017 | Depths:2 | Found Rublie's General Store.
 42782 | Depths:1 | You fall into a shaft and drop 1 floor!
 43011 | Depths:1 | Reached XP level 21. HP: 163/163 MP: 27/27
 43025 | Depths:1 | Noticed a Brimstone Fiend
 43034 | Depths:1 | Noticed a Brimstone Fiend
 43034 | Depths:1 | You fall into a shaft and drop 1 floor!
 43433 | Depths:1 | Identified the ring "Pedysem" {rPois rF+ rN+ Slay+1}
 43445 | Depths:1 | Noticed an ancient lich
 43453 | Depths:1 | Killed an ancient lich
 43512 | Depths:1 | Identified the ring of Xom's Full Attention {rN+ Str+4
                  | Dex+3}
 43533 | Depths:1 | Reached skill level 20 in Fighting
 43589 | Depths:1 | Identified the ring of Uwkoeb {rPois MR+ Int+6 Dex-5}
 43736 | Depths:1 | Got a fine plate armour
 43738 | Depths:1 | Identified the +7 plate armour of Entitlement {MR+ rCorr}
                  | (You found it on level 1 of the Depths)
 44159 | Depths:3 | Got a jewelled great mace
 45235 | Depths:3 | You fall into a shaft and drop 1 floor!
 45345 | Depths:4 | Reached XP level 22. HP: 162/172 MP: 28/28
 45855 | Depths:4 | Noticed Xtahua
 45865 | Depths:4 | Killed Xtahua
 46004 | Depths:3 | Noticed a juggernaut
 46016 | Depths:3 | Killed a juggernaut
 46016 | Depths:3 | Reached skill level 21 in Fighting
 46180 | Depths:3 | Got a distressingly furry cloak
 46192 | Depths:3 | Identified the +1 cloak of the Slightly Bent {Str+5} (You
                  | found it on level 3 of the Depths)
 46310 | Depths:3 | Found Fuocweis's Book Shop.
 46592 | Depths:3 | Found a one-way gate leading to the halls of Pandemonium.
 46679 | Depths:2 | Bought the ring of Yendor {rElec rC+ rN+ Stlth+} for 469
                  | gold pieces
 46957 | Depths:4 | Identified the cursed +3 great mace "Foc Yqog" {freeze,
                  | +Fly rElec Dex+4} (You found it on level 3 of the Depths)
 48391 | Depths:4 | Found a one-way gate to the infinite horrors of the Abyss.
 48393 | Depths:4 | Noticed a golden dragon
 48401 | Depths:4 | Killed a golden dragon
 48621 | Depths:5 | Entered Level 5 of the Depths
 48673 | Depths:5 | Noticed Jory
 48687 | Depths:5 | Killed Jory
 49034 | Depths:5 | Reached XP level 23. HP: 173/180 MP: 29/29
 49997 | Depths:5 | Noticed a golden dragon
 50018 | Depths:5 | Killed a golden dragon
 50138 | Depths:5 | Noticed a golden dragon
 50144 | Depths:5 | Killed a golden dragon
 50482 | Depths:5 | Reached skill level 22 in Fighting
 50755 | Depths:5 | Found a gate to the Realm of Zot.
 51434 | Elf:1    | Entered Level 1 of the Elven Halls
 51522 | Elf:1    | Reached skill level 1 in Dodging
 51843 | Elf:1    | Found Derchi's General Store.
 51889 | Elf:1    | Bought a potion of might for 64 gold pieces
 52049 | Elf:1    | Identified Saulavug's Compendium of Black Rites
 52077 | Elf:1    | Reached XP level 24. HP: 189/189 MP: 29/29
 52153 | Elf:1    | Found Atyam's General Store.
 52160 | Elf:1    | Bought a scroll of summoning for 171 gold pieces
 52414 | Elf:2    | Found Xiadgh's Antique Armour Shop.
 52421 | Elf:2    | Found Plog's Magic Scroll Shoppe.
 52431 | Elf:2    | Bought a scroll of enchant armour for 120 gold pieces
 52438 | Elf:2    | Found Baju's Antique Armour Shoppe.
 52474 | Elf:2    | Bought a steaming shield for 304 gold pieces
 52475 | Elf:2    | Identified the cursed +0 shield of Suniext {rF+ rCorr
                  | Dex+3} (You bought it in a shop on level 2 of the Elven
                  | Halls)
 52559 | Elf:2    | Found a runed translucent gate.
 52559 | Elf:2    | Found a runed translucent gate.
 52559 | Elf:2    | Found a runed translucent gate.
 52597 | Elf:2    | Found Asatyrph's Gadget Emporium.
 52762 | Elf:2    | Found a bloodstained altar of Trog.
 52785 | Elf:2    | Got a twisted trident
 52857 | Elf:2    | Found Lyaw's Jewellery Shoppe.
 53525 | Elf:3    | Entered Level 3 of the Elven Halls
 53533 | Elf:3    | Identified the +5 trident of Refos {holy, *Drain +Fly rElec
                  | Stlth+} (You found it on level 2 of the Elven Halls)
 53541 | Elf:3    | Found Woyrhust's Jewellery Emporium.
 53599 | Elf:3    | Found Faatyfuq's Armour Emporium.
 53706 | Elf:3    | Reached skill level 5 in Dodging
 53756 | Elf:3    | Found Peveles's Weapon Shop.
 54437 | Elf:3    | Reached skill level 23 in Fighting
 54621 | Elf:3    | Found the +9 sword of Zonguldrok {reap}
 54690 | Elf:3    | Got a fine platinum ring
 54712 | Elf:3    | Identified a +0 pair of boots of running (You found it on
                  | level 3 of the Elven Halls)
 54720 | Elf:3    | Identified the Grimoire of the Nocuous Snowflakes
 55153 | Lair:1   | Identified the ring "Ohurphit" {rF+ MR+} (You found it on
                  | level 3 of the Elven Halls)
 55315 | Vaults:1 | Entered Level 1 of the Vaults
 55426 | Vaults:1 | Reached XP level 25. HP: 197/197 MP: 29/29
 56512 | Vaults:1 | Found a portal to a secret trove of treasure.
 58982 | Vaults:3 | Reached skill level 24 in Fighting
 59280 | Vaults:3 | Found a staircase to the Crypt.
 59359 | Vaults:3 | Reached XP level 26. HP: 180/206 MP: 29/29
 59686 | Vaults:3 | Noticed Frederick
 59709 | Vaults:3 | Killed Frederick
 60730 | Vaults:4 | Noticed Mennas
 60741 | Vaults:4 | Killed Mennas
 61794 | Vaults:5 | Entered Level 5 of the Vaults
 61806 | Vaults:5 | Reached skill level 25 in Fighting
 62803 | Vaults:4 | Reached XP level 27. HP: 151/217 MP: 29/29
 63901 | Vaults:5 | Reached skill level 26 in Fighting
 64243 | Vaults:5 | Got a shimmering bone ring
 64254 | Vaults:5 | Got a twisted trident
 64262 | Vaults:5 | Identified the cursed +1 trident of Defence by Offence
                  | {drain, rC+ Int+4 Dex-5} (You found it on level 5 of the
                  | Vaults)
 64265 | Vaults:5 | Identified the ring "Hos Toh" {rPois rF+ MR+ Dex+3 Stlth+}
                  | (You found it on level 5 of the Vaults)
 64306 | Vaults:5 | Identified the cursed +1 quarterstaff "Death Rattle"
                  | {speed, rElec Dex+5}
 64307 | Vaults:5 | Identified the +3 ring mail of the Carpenter {rElec rPois
                  | Int+4}
 64922 | Vaults:5 | Identified Sif Muna's Tome of the Entourage
 65009 | Vaults:5 | Got a silver rune of Zot
 65537 | Vaults:5 | Found Veimef's Magic Scroll Boutique.
 65537 | Vaults:5 | Found Deuclaop's Magic Scroll Shoppe.
 65581 | Vaults:5 | Found Liolare's Distillery.
 65581 | Vaults:5 | Found Ideweq's Magic Scroll Boutique.
 65642 | Vaults:5 | Found Gottop's Distillery.
 65712 | Vaults:5 | Found Urched's Food Emporium.
 65712 | Vaults:5 | Found Erangono's Magic Scroll Boutique.
 65722 | Vaults:5 | Found Xublok's Distillery.
 65915 | Crypt:1  | Entered Level 1 of the Crypt
 67219 | Crypt:2  | Noticed Margery
 67227 | Crypt:2  | Reached skill level 27 in Fighting
 67237 | Crypt:2  | Killed Margery
 67858 | Crypt:2  | Noticed Boris
 67871 | Crypt:2  | Killed Boris
 67926 | Crypt:3  | Entered Level 3 of the Crypt
 68163 | Crypt:3  | Noticed an ancient lich
 68559 | Crypt:3  | Noticed Boris
 68564 | Crypt:3  | Killed Boris
 68741 | Crypt:3  | Found a staircase to the Tomb.
 69262 | Crypt:3  | Noticed an ancient lich
 69282 | Crypt:3  | Killed an ancient lich
 69290 | Crypt:3  | Killed an ancient lich
 69297 | Crypt:3  | Got a pitted marble ring
 69300 | Crypt:3  | Identified the Volume of Assistive Cold
 69303 | Crypt:3  | Identified Mudimek's Handbook of Assistive Ignition
 69309 | Crypt:3  | Identified the ring of Oxaolut {+Inv MP+9} (You found it on
                  | level 3 of the Crypt)
 69882 | Elf:3    | Bought the +15 Maxwell's patent armour {-Cast -Tele rElec
                  | MR+ rCorr} for 2148 gold pieces
 69882 | Elf:3    | Found the +15 Maxwell's patent armour {-Cast -Tele rElec
                  | MR+ rCorr}
 70374 | Zot:1    | Entered Level 1 of the Realm of Zot
 70476 | Zot:1    | Reached skill level 10 in Dodging
 70959 | Zot:2    | Noticed a Killer Klown
 70972 | Zot:2    | Killed a Killer Klown
 71296 | Zot:4    | Found a runed translucent door.
 71297 | Zot:4    | Noticed Alunk's ghost (legendary GnFi)
 71971 | Zot:4    | Identified the +4 dragonskin cloak
 71971 | Zot:4    | Noticed Tiamat
 72225 | Zot:4    | Killed Tiamat
 72369 | Zot:5    | Entered Level 5 of the Realm of Zot
 72782 | Zot:5    | Noticed an orb of fire
 72798 | Zot:4    | HP: 11/224 [Orb Guardian (22)]
 72801 | Zot:4    | Annihilated by an Orb Guardian

Levels and vault maps discovered:
D:1:      minmay_arrival_arboretum_large, layout_loops_corners
D:2:      layout_basic, grunt_dithmenos_smoke_and_mirrors,
          lemuel_zombie_altar_kikubaaqudgha, chequers_ecumenical_altar_simple,
          first_ration, minmay_hexomino_p4
D:3:      layout_basic, yredelemnul_forgotten_temple_becter, uniq_jessica
D:4:      layout_cave_pods, marbit_many_paths,
          minmay_temple_entry_statues_pillars, uniq_robin
D:5:      black_bear_nest_1, layout_basic, hellmonk_ghost_happy_afterlife,
          serial_shops, shop_statue
D:6:      layout_basic, serial_shops, kennysheep_little_box
D:7:      layout_layer_cave, gammafunk_ghost_wrathful_warriors,
          grunt_decor_arrowhead
D:8:      layout_basic
D:9:      layout_long_grid, minitemple, orc_0_dummy
D:10:     layout_loops_corners, grunt_ogre_cave, dk_noncrumbling_2
D:11:     layout_basic, erik_lair_orcish_takeover, st_stairs_5, uniq_harold
D:12:     layout_stronghold, serial_shops, shop, shop_statue, shop,
          nicolae_shop_crystal, shop, kennysheep_boxes, uniq_sonja, uniq_azrael,
          uniq_jorgrun
D:13:     layout_basic, serial_shops, shop, uniq_frances
D:14:     layout_long_grid, erik_vaults_2, grunt_decor_cap,
          minmay_fractal_squares_gapless_5, uniq_agnes
D:15:     grunt_enter_depths_giant_problem, layout_long_grid,
          minmay_misc_feat_encased, minmay_puff, uniq_roxanne, uniq_kirke
Temple:   eino_temple_rhombus
Lair:1:   layout_hall_layers, gammafunk_ghost_ooze, lemuel_fruit_tree,
          infiniplex_staircase_pool_2
Lair:2:   layout_chaotic_city, minmay_shoals_entry_hut, minivault_25,
          serial_bayou_shore_b
Lair:3:   layout_regular_city, minmay_snake_entry_six_corridors,
          nicolae_volcano_entry_lava_flow, minmay_lair_oklob_chamber
Lair:4:   layout_cave_pods, minmay_holes, grunt_megastairs_4, uniq_urug,
          uniq_nergalle
Lair:5:   layout_roguey, eino_small_chamber_without_monster, lemuel_fruit_fields
Lair:6:   due_jungle_book, layout_regular_city, slime_altar_2, st_stairs_9,
          uniq_josephine
Shoals:1: layout_shoals, serial_shops, nicolae_shop_crystal,
          gammafunk_ghost_grave, nicolae_shoals_aquamancer_cove, uniq_aizul
Shoals:2: layout_shoals
Shoals:3: gammafunk_its_a_trap, layout_shoals
Shoals:4: shoals_end_simple, layout_shoals, yaktaur_hedge
Snake:1:  layout_gridlike, serial_bayou_lagoon_a
Snake:2:  layout_basic, grunt_ministairs_5, minmay_shop_grove
Snake:3:  layout_chambers, basic_altar, ebering_ghost_xom
Snake:4:  minmay_snake_end_coiled, layout_cave_town
Orc:1:    layout_diamond_mine, mines2_david
Orc:2:    st_orc_elflike, layout_diamond_mine, gammafunk_ghost_stat_death,
          bloody_makhleb, uniq_donald, uniq_saint_roka
Elf:1:    eino_elf_arrival_shootout, layout_geoelf_diagonals, serial_shops,
          nicolae_shop_statue_plus, nicolae_shop_waterfront,
          minmay_elf_necromancy
Elf:2:    layout_loops_ring, serial_shops, shop, shop_statue,
          nicolae_shop_trees, nicolae_shop_trees, nicolae_shop_waterfront,
          evilmike_spriggan_trog_shrine
Elf:3:    minmay_elf_hall_circle, layout_geoelf_diagonals, serial_shops,
          nicolae_shop_trees, shop, nicolae_shop_crystal
Vaults:1: v_misc_10, vaults_room_grid, dpeg_vaults_monster_row,
          ontoclasm_vaults_hangar, grunt_vaults_funnel, vaults_dpeg_spiral,
          v_misc_18, nicolae_vaults_ninety_degrees, vaults_room_pool,
          ontoclasm_vaults_claustrophobia, hangedman_vaults_stagger,
          nicolae_vaults_ring_of_whatevers, layout_vaults_ring, enter_trove_3
Vaults:2: v_misc_29, ontoclasm_vaults_bender, dpeg_vaults_monster_box, v_misc_9,
          v_misc_10, grunt_vaults_hallway_short, v_misc_5,
          hangedman_vaults_hard_town_square, nicolae_vaults_ring_of_whatevers,
          layout_vaults_big_cross
Vaults:3: nicolae_vaults_mini_display_case, hangedman_vaults_cutoff,
          vaults_room_corners, nicolae_vaults_ring_of_whatevers, v_rooms_3,
          minmay_crypt_entry_simple_plaza, v_misc_17,
          nicolae_vaults_twisting_passages, v_alt_pattern_5,
          nicolae_vaults_little_ls, layout_vaults_omnigrid, uniq_frederick
Vaults:4: v_rooms_5, ontoclasm_vaults_ring_small, ontoclasm_vaults_gallery,
          v_alt_pattern_4, hangedman_vaults_corner, vaults_mumra_chevron_long,
          v_rooms_6, v_misc_26, ontoclasm_vaults_decontamination, v_misc_15,
          nicolae_vaults_shelves_hall, v_misc_23, vaults_mumra_chevron,
          layout_vaults_omnibox, uniq_mennas
Vaults:5: serial_shops
Crypt:1:  layout_gridlike, grunt_ministairs_9, eino_tiny_chamber
Crypt:2:  layout_gridlike, uniq_boris, uniq_margery
Crypt:3:  david_glass_crypt, layout_basic,
          nicolae_tomb_entry_unfolded_pyramid_diagonal, minivault_11
Depths:1: evilmike_wizard_prison, layout_cave_pools, lightli_too_deep,
          serial_co_window_serial, co_window_paths_a, co_window_paths_b,
          co_window_corner_a, co_window_corner_a, co_window_paths_b,
          co_window_unsneaky_path_c, co_window_paths_c, co_window_broadway_c,
          co_window_corner_b, co_window_4corner_a, glass_columns_b,
          glass_columns_b, glass_columns_a, glass_columns_a, serial_shops, shop,
          nicolae_shop_trees, nicolae_shop_temple_entry_statues_fountains,
          kennysheep_mini, nicolae_shop_behind_doors, minmay_misc_feat_columns,
          minmay_misc_feat_rows, minmay_statues_item, minmay_misc_feat_pillars,
          kennysheep_nub
Depths:2: kennysheep_ogre_elephant_herders, layout_cave_pools, enter_ziggurat_d,
          serial_bayou_pond_e, hell_entry, minmay_shoptagon, uniq_sojobo
Depths:3: minmay_the_grid_net [minmay_the_grid_large_cup,
          minmay_the_grid_odd_star, minmay_the_grid_gridbox,
          minmay_the_grid_minigrid_small, minmay_the_grid_small_cups,
          minmay_the_grid_prize_shrinking_boxes], layout_basic, serial_shops,
          shop, rand_demon_pan_entry_4, pf_coc_iceberg, kennysheep_flooded_box,
          infiniplex_staircase_pool_lava
Depths:4: minmay_imperfect_grid, layout_cave_shapes, hell_entry, abyss_entry,
          nrook_mini_backslash, infiniplex_staircase_zigzag_4, uniq_xtahua
Depths:5: grunt_runaround [grunt_runaround_doors_1, grunt_runaround_doors_2,
          grunt_runaround_doors_3, grunt_runaround_doors_4,
          grunt_runaround_zot], hell_entry, abyss_entry, serial_shops, uniq_jory
Zot:1:    lemuel_halls_of_wrath, layout_basic, grunt_megastairs_2
Zot:2:    kennysheep_room_grid, layout_basic
Zot:3:    layout_gridlike, grunt_megastairs_5
Zot:4:    layout_twisted_circle, gammafunk_ghost_grave, uniq_tiamat
Zot:5:    layout_misc_corridors

Skill      XL: |  1  2  3  4  5  6  7  8  9 10 11 12 13 14 15 16 17 18 19 20 21 22 23 24 25 26 27 |
---------------+----------------------------------------------------------------------------------+-----
Shields        | 4 5 6 7 8 9 |  9.7
Fighting       | 4 5 6 8 9 10 11 12 13 14 15 16 17 18 19 20 21 22 23 24 25 27 | 27.0
Armour         | 4 5 6 8 9 10 11 12 13 14 15 16 17 18 19 20 21 22 24 | 24.7
Polearms       | 3 4 5 7 8 9 10 11 12 13 14 15 16 17 18 19 20 21 22 23 26 | 26.0
Evocations     | 2 5 7 9 |  9.0
Throwing       | 1 5 7 9 10 | 10.1
Dodging        | 2 7 8 14 | 14.1

Action                   |  1- 3 |  4- 6 |  7- 9 | 10-12 | 13-15 | 16-18 | 19-21 | 22-24 | 25-27 || total
-------------------------+-------+-------+-------+-------+-------+-------+-------+-------+-------++-------
Melee: Trident           |   125 |   137 |   437 |    95 |    23 |     8 |       |       |       ||   825
       Halberd           |       |       |       |   487 |   234 |       |       |       |       ||   721
       Glaive            |       |       |       |       |   622 |  1146 |   917 |   275 |       ||  2960
       Unarmed           |       |       |       |       |       |    16 |       |       |       ||    16
       Bardiche          |       |       |       |       |       |       |       |   849 |  2011 ||  2860
Throw: Throwing net      |       |     2 |       |     2 |       |     1 |       |     2 |       ||     7
       Dart              |       |    10 |       |     1 |       |       |       |       |       ||    11
Invok: Recall Ancestor   |       |       |     2 |       |     4 |       |     4 |     2 |    12 ||    24
       Ancestor Life: Ba |       |       |       |     1 |       |       |       |       |       ||     1
       Ancestor Identity |       |       |       |       |       |     1 |       |       |       ||     1
 Abil: Dig               |       |       |       |       |     4 |     5 |     5 |     3 |     1 ||    18
       Shaft Self        |       |       |       |       |       |       |     2 |       |       ||     2
Evoke: Wand              |       |       |     3 |     9 |    28 |    18 |    16 |    10 |    31 ||   115
       Lightning rod     |       |       |       |     4 |    13 |     6 |       |       |     2 ||    25
       Phial of floods   |       |       |       |     1 |     3 |     1 |       |       |       ||     5
       Lamp of fire      |       |       |       |       |       |       |     2 |     1 |     3 ||     6
       Phantom mirror    |       |       |       |       |       |       |     1 |       |     1 ||     2
  Use: Scroll            |     2 |     1 |    11 |     6 |    15 |    14 |     7 |    19 |    20 ||    95
       Potion            |       |       |     1 |       |     9 |     1 |     8 |     3 |    14 ||    36
 Stab: Distracted        |       |       |     1 |     5 |    11 |    17 |    11 |    13 |    23 ||    81
       Held in net/web   |       |       |       |     2 |       |       |       |       |       ||     2
       Paralysed         |       |       |       |       |       |     6 |     5 |       |       ||    11
       Invisible         |       |       |       |       |       |       |     4 |       |       ||     4
  Eat: Chunk             |     1 |    19 |     6 |    12 |    20 |    14 |    15 |    19 |    11 ||   117
       Ration            |       |       |     2 |     2 |     5 |     9 |     4 |     5 |    12 ||    39
Armor: Scale mail        |    80 |    47 |   102 |       |       |       |       |       |       ||   229
       Plate armour      |       |       |    88 |   217 |   415 |   130 |   368 |   454 |   707 ||  2379
       Leather armour    |       |       |       |       |     9 |       |       |       |       ||     9
       Chain mail        |       |       |       |       |       |   221 |     4 |       |       ||   225
       Ring mail         |       |       |       |       |       |    55 |       |       |       ||    55
Dodge: Dodged            |    62 |    42 |   115 |   110 |   187 |   411 |   303 |   334 |   855 ||  2419
Block: Shield            |    76 |    56 |   241 |   260 |   450 |   615 |   415 |   493 |  1115 ||  3721
       Reflection        |       |       |       |       |     9 |    78 |    21 |    73 |    87 ||   268
